 Dungeon Crawl Stone Soup version 0.30-a0-1082-g70414cbcbb (webtiles) character file.

Game seed: 11172702544279014653

630 Zonian the Ruffian (level 7, -3/55 HPs)
             Began as a Human Gladiator on Apr 15, 2023.
             Slain by an orc
             ... wielding a +0 flail
              (5 damage)
             ... on level 5 of the Dungeon.
             The game lasted 00:06:57 (3250 turns).

Zonian the Ruffian (Human Gladiator)                Turns: 3250, Time: 00:06:58

Health: -3/55      AC:  7    Str: 16    XL:     7   Next: 77%
Magic:  7/7        EV: 12    Int:  9    God:
Gold:   175        SH:  3    Dex: 14    Spells: 6/6 levels left

rFire   + . .      SeeInvis .      - Unarmed
rCold   . . .      Faith    .    C - +0 buckler
rNeg    . . .      Spirit   .    k - +0 ring mail
rPois   .          Reflect  .    b - +0 helmet
rElec   .          Rampage  .    g - +0 cloak
rCorr   .                        (no gloves)
Will    .....                    (no boots)
Stlth   +                        (no amulet)
HPRegen 0.29/turn                n - ring of protection from fire
MPRegen 0.10/turn                (no ring)

@: no status effects
A: no striking features
a: no special abilities


You were on level 5 of the Dungeon.
You visited 1 branch of the dungeon, and saw 5 of its levels.

You collected 175 gold pieces.

Inventory:

Missiles
 d - a javelin (quivered)
 v - 11 poisoned darts
 w - 3 datura-tipped darts
 x - 3 boomerangs of dispersal
Armour
 a - a +0 leather armour
 b - a +0 helmet (worn)
 g - a +0 cloak (worn)
 k - a +0 ring mail (worn)
 r - a +0 kite shield
 y - a +0 scale mail
 C - a +0 buckler (worn)
Jewellery
 n - a ring of protection from fire (left hand)
 o - a ring of ice
 p - a ring of magical power
Scrolls
 f - a scroll of immolation {unknown}
 h - a scroll of fog
 j - 2 scrolls of teleportation
 q - 2 scrolls of vulnerability {unknown}
 s - a scroll of silence {unknown}
 t - a scroll of fear {unknown}
 A - a scroll of enchant weapon {unknown}
 B - a scroll of brand weapon {unknown}
Potions
 e - a potion of flight {unknown}
 l - a potion of resistance {unknown}
 m - a potion of degeneration {unknown}
 u - a potion of heal wounds {unknown}
 z - a potion of cancellation


   Skills:
 + Level 4.3 Fighting
 + Level 4.3 Throwing
 + Level 4.9 Dodging
 + Level 4.9 Unarmed Combat


You had 6 spell levels left.
You didn't know any spells.
Your spell library contained the following spells:

 Spells                   Type           Power      Damage    Failure   Level
 Scorch                   Fire           0%         2d5       86%         2
 Call Canine Familiar     Summ           0%         N/A       97%         3
 Portal Projectile        Hex/Tloc       0%         N/A       97%         3
 Flame Wave               Conj/Fire      0%         2d4       100%        4
 Leda's Liquefaction      Hex/Erth       0%         N/A       100%        4
 Summon Cactus Giant      Summ           0%         N/A       100%        6


Dungeon Overview and Level Annotations

Branches:
Dungeon (5/15)
 Temple: D:4-7

Altars:
Gozag
Sif Muna
Uskayaw
Xom
The Shining One

Annotations:
D:4 1 runed translucent door, Crazy Yiuf


Message History

Unknown command.
You punch the black bear!
The black bear is moderately wounded.
The black bear bites you but does no damage.
The black bear completely misses you.
The black bear claws you but does no damage.
You hit the black bear.
The black bear is heavily wounded.
The black bear closely misses you. x2
The black bear claws you but does no damage.
Okay, then.
You hit the black bear.
The black bear is severely wounded.
The black bear bites you but does no damage.
The black bear barely misses you. The black bear misses you.
You hit the black bear.
The black bear is severely wounded.
Your surroundings suddenly seem different.
An orc comes into view. It is wielding a +0 flail.
Found a potion of cancellation.
The orc shouts!
You hit the orc.
The orc is lightly wounded.
You hit the orc.
The orc is severely wounded.
The orc misses you.
You closely miss the orc.
The orc is severely wounded.
The orc misses you.
You barely miss the orc.
The orc is severely wounded.
The orc hits you with a +0 flail.
* * * LOW HITPOINT WARNING * * *
You completely miss the orc.
The orc is severely wounded.
The orc barely misses you.
You barely miss the orc.
The orc is heavily wounded.
The orc hits you with a +0 flail.
You die...

#.........#
#......./.##
.o...........
.(...#####.###
.)..# #.# ###
!.o# ..#....
o.. ####....#
#.....# #.o@#
#.!## ###


You could see an orc.

Vanquished Creatures
  Sigmund (D:2)
  A black bear (D:4)
  A centaur (D:5)
  A kobold brigand (D:4)
  A scorpion (D:5)
  A jelly (D:4)
  An iguana (D:4)
  2 adders (D:3)
  A white imp (D:5)
  An ufetubus (D:5)
  2 worms
  3 dart slugs
  3 orcs
  3 endoplasms
  4 hobgoblins
  6 jackals
  3 kobolds
  3 quokkas
  5 ball pythons
  6 bats
  2 frilled lizards
  2 goblins (D:2)
  7 rats
60 creatures vanquished.

Vanquished Creatures (others)
  A fungus (D:4)
1 creature vanquished.

Grand Total: 61 creatures vanquished

Notes
Turn   | Place    | Note
-------+----------+-------------------------------------------
     0 | D:1      | Zonian the Human Gladiator began the quest for the Orb.
     0 | D:1      | Reached XP level 1. HP: 16/16 MP: 1/1
   370 | D:1      | Reached XP level 2. HP: 22/22 MP: 2/2
   733 | D:2      | Reached XP level 3. HP: 16/27 MP: 3/3
   787 | D:2      | Found a hide-covered altar of Uskayaw.
   904 | D:2      | Noticed Sigmund
   919 | D:2      | Killed Sigmund
   920 | D:2      | Reached XP level 4. HP: 35/35 MP: 4/4
   920 | D:2      | Reached XP level 5. HP: 41/41 MP: 5/5
   920 | D:2      | Reached XP level 6. HP: 47/47 MP: 6/6
  1800 | D:3      | Found an opulent altar of Gozag.
  1801 | D:3      | Found a shimmering altar of Xom.
  2580 | D:4      | Found a glowing golden altar of the Shining One.
  2580 | D:4      | Found a shimmering blue altar of Sif Muna.
  2645 | D:4      | Noticed a black bear
  2661 | D:4      | Killed a black bear
  2662 | D:4      | Reached XP level 7. HP: 35/53 MP: 7/7
  2912 | D:4      | Found a runed translucent door.
  2913 | D:4      | Noticed Crazy Yiuf
  2939 | D:5      | Entered Level 5 of the Dungeon
  3232 | D:5      | HP: 1/54 [centaur (2)]
  3240 | D:5      | HP: 2/54 [black bear (3)]
  3248 | D:5      | HP: 2/55 [orc/+0 flail (2)]
  3250 | D:5      | Slain by an orc

Illustrated notes

Levels and vault maps discovered:
D:1:      minmay_arrival_four_loops, layout_basic, minmay_misc_feat_cross,
          grunt_decor_arrowhead
D:2:      layout_basic, basic_altar, hangedman_decor_growths, uniq_sigmund
D:3:      layout_loops_ring, mainiacjoe_overflow_divided_tiny
D:4:      layout_rooms, nicolae_overflow_two_pavilions,
          nicolae_nh_ransacked_shop, uniq_crazy_yiuf_cottage
D:5:      layout_rooms

Skill      XL: |  1  2  3  4  5  6  7 |
---------------+----------------------+-----
Fighting       | 3 4 |  4.3
Throwing       | 3 4 |  4.3
Dodging        | 4 |  4.9
Unarmed Combat | 4 |  4.9

Action                     |  1- 3 |  4- 6 |  7- 9 || total
---------------------------+-------+-------+-------++-------
  Melee: Unarmed           |    75 |   115 |    78 ||   268
         Punch             |     2 |     4 |       ||     6
  Throw: Throwing net      |     1 |     2 |       ||     3
         Dart              |       |     5 |     1 ||     6
         Javelin           |       |     1 |       ||     1
         Boomerang         |       |       |     3 ||     3
    Use: Scroll            |       |     5 |     1 ||     6
         Potion            |       |       |     5 ||     5
   Stab: Sleeping          |     1 |       |       ||     1
         Held in net/web   |     1 |     1 |       ||     2
 Armour: Leather armour    |    11 |       |       ||    11
         Ring mail         |     4 |    40 |    27 ||    71
  Dodge: Dodged            |    40 |    60 |    52 ||   152
  Block: Buckler           |       |     3 |    13 ||    16

Table legend: (Time is in decaauts)
 A = Elapsed time spent in this place.
 B = Non-inter-level travel time spent in this place.
 C = Inter-level travel time spent in this place.
 D = Time resting spent in this place.
 E = Time spent auto-exploring this place.
 F = Levels seen in this place.
 G = Mean time per level.
                   A        B        C        D        E       F      G
               +--------+--------+--------+--------+--------+-----+--------+
         Total |   3232 |   3166 |     66 |    242 |   2175 |   5 |  646.4 |
       Dungeon |   3232 |   3166 |     66 |    242 |   2175 |   5 |  646.4 |
               +--------+--------+--------+--------+--------+-----+--------+

Top non-repeatable levels by time:
     D:4: 1026 daAuts
     D:2: 835 daAuts
     D:3: 658 daAuts
     D:1: 651 daAuts
     D:5: 59 daAuts
